 Dungeon Crawl Stone Soup version 0.31-a0-234-gad7ace16ef (webtiles) character file.

Game seed: 1182389512338589801

1333 qw the Skirmisher (level 8, 0/69 HPs)
             Began as a Minotaur Hexslinger on July 9, 2023.
             Was an Initiate of Okawaru.
             Slain by a centaur
             ... wielding a +0 dagger
              (2 damage)
             ... on level 6 of the Dungeon.
             The game lasted 00:01:54 (4916 turns).

qw the Skirmisher (Minotaur Hexslinger)             Turns: 4916, Time: 00:01:54

Health: 0/69       AC:  6    Str: 13    XL:     8   Next: 34%
Magic:  8/8        EV: 11    Int: 10    God:    Okawaru [......]
Gold:   166        SH:  0    Dex: 15    Spells: 8/9 levels left

rFire   . . .        Y - +1 orcbow
rCold   . . .        (shield currently unavailable)
rNeg    . . .        e - +0 ring mail
rPois   .            (helmet restricted)
rElec   .            (no cloak)
rCorr   .            (no gloves)
SInv    +            g - +0 pair of boots
Will    .....        (no amulet)
Stlth   +            f - ring of see invisible
HPRegen 0.31/turn    (no ring)
MPRegen 0.11/turn

%: no passive effects
@: no status effects
A: horns 2, retaliatory headbutt
a: Renounce Religion


You were on level 6 of the Dungeon.
You worshipped Okawaru.
Okawaru was noncommittal.
You visited 1 branch of the dungeon, and saw 6 of its levels.

You collected 262 gold pieces.
You spent 96 gold pieces at shops.


Innate Abilities, Weirdness & Mutations

You have a pair of horns on your head.
You reflexively headbutt those who attack you in melee.


   Skills:
 + Level 5.6 Fighting
 - Level 9.1 Ranged Weapons
 - Level 2.1 Armour
 - Level 3.3 Dodging
 - Level 1.0 Spellcasting
 - Level 2.0 Hexes
 - Level 2.5 Invocations


You had 8 spell levels left.
You knew the following spells:

 Your Spells              Type           Power      Damage    Failure   Level
a - Slow                  Hex            16%        N/A       32%         1

Your spell library contained the following spells:

 Spells                   Type           Power      Damage    Failure   Level
 Inner Flame              Hex/Fire       2%         N/A       82%         3
 Portal Projectile        Hex/Tloc       4%         N/A       82%         3
 Cause Fear               Hex            2%         N/A       97%         4

Inventory:

Hand Weapons
 Y - a +1 orcbow (weapon)
Armour
 e - a +0 ring mail (worn)
 g - a +0 pair of boots (worn)
Jewellery
 f - a ring of see invisible (left hand)
Scrolls
 b - a scroll of identify
Potions
 a - a potion of might
 d - a potion of lignification {unknown}
 h - a potion of invisibility {unknown}
 k - a potion of magic {unknown}

Dungeon Overview and Level Annotations

Branches:
Dungeon (6/15)             Temple (0/1) D:5

Altars:
Okawaru
The Shining One

Shops:
D:2 [   D:3 [?   D:4 (   D:5 *


Message History

The orc hits you but does no damage.
You shoot an arrow. The arrow closely misses the orc.
The orc hits you with a +2 heavy mace!
You shoot an arrow. The arrow hits the orc!
You kill the orc!
Okawaru accepts your kill.
You hear the quick rusting of a very distant drain.
You start resting.
A centaur is nearby!
You shoot an arrow. The centaur shouts!
The arrow hits the centaur.
The centaur is lightly wounded.
The centaur unwields a +0 dagger.
The centaur wields a +0 shortbow.
The centaur shoots an arrow.
The arrow hits you.
You shoot an arrow. The arrow barely misses the centaur.
The centaur shoots an arrow.
The arrow barely misses you.
The centaur shoots an arrow.
The arrow barely misses you.
You shoot an arrow. The arrow hits the centaur!
The centaur is severely wounded.
The centaur drinks a potion.
The centaur is healed!
You shoot an arrow. The arrow hits the centaur.
The centaur is moderately wounded.
The centaur shoots an arrow.
The arrow closely misses you.
You shoot an arrow.
The arrow hits the centaur but does no damage.
The centaur is moderately wounded.
The centaur shoots an arrow.
The arrow completely misses you.
The centaur shoots an arrow.
The arrow hits you!
You shoot an arrow.
The arrow hits the centaur but does no damage.
The centaur is moderately wounded.
The centaur shoots an arrow.
The arrow hits you.
The centaur shoots an arrow.
The arrow misses you.
You shoot an arrow. The arrow barely misses the centaur.
You hear the quick rusting of a very distant drain.
You shoot an arrow. The arrow closely misses the centaur.
The centaur unwields a +0 shortbow.
The centaur wields a +0 dagger.
The centaur hits you with a +0 dagger.
You die...

###
####.....
#@..)#
..$...c)##.#
#####)### #.
#


You could see a centaur.

Vanquished Creatures
  Eustachio (D:4)
  A water moccasin (D:6)
  A sky beast (D:6)
  2 black bears (D:5)
  2 centaurs
  A scorpion (D:5)
  A howler monkey (D:5)
  A jelly (D:5)
  5 hounds
  2 iguanas (D:6)
  4 orc wizards
  3 gnolls (D:6)
  8 adders
  6 worms
  2 dart slugs
  22 orcs
  4 bats
  6 endoplasms
  3 giant cockroaches (D:1)
  6 goblins
  7 hobgoblins
  3 quokkas
  10 ball pythons
  2 frilled lizards
  2 kobolds
  5 rats
110 creatures vanquished.

Notes
Turn   | Place    | Note
-------+----------+-------------------------------------------
     0 | D:1      | qw the Minotaur Hexslinger began the quest for the Orb.
     0 | D:1      | Reached XP level 1. HP: 16/16 MP: 1/1
     0 | D:1      | 0 ||| qw: Version: 0.3-a-51-g015441d
     0 | D:1      | 0 ||| qw: Game counter: 4289
     0 | D:1      | 0 ||| qw: Melee chars always use a shield: true
     0 | D:1      | 0 ||| qw: God list: Okawaru
     0 | D:1      | 0 ||| qw: Allow faded altars: false
     0 | D:1      | 0 ||| qw: Do Orc after clearing Dungeon:15 true
     0 | D:1      | 0 ||| qw: Do second Lair branch before Depths: true
     0 | D:1      | 0 ||| qw: Lair rune preference: random
     0 | D:1      | 0 ||| qw: Goals: Normal
     0 | D:1      | 0 ||| PLANNING D:1-11
    91 | D:1      | Reached skill level 3 in Ranged Weapons
   113 | D:1      | Reached XP level 2. HP: 23/23 MP: 2/2
   508 | D:1      | 508 ||| UPGRADING to +0 pair of boots.
   513 | D:1      | 513 ||| READING scroll labelled LIXEOLEFUU.
   514 | D:1      | 514 ||| READING scroll labelled UDEFRU SITT.
   517 | D:1      | 517 ||| READING scroll labelled ZOEGGE ILAVYO.
   559 | D:1      | 559 ||| READING 2 scrolls labelled LYCEOMN ZYIJY.
   560 | D:1      | 560 ||| DROPPING scroll of poison.
   561 | D:1      | 561 ||| DROPPING scroll of revelation.
   641 | D:2      | Reached XP level 3. HP: 29/29 MP: 3/3
   657 | D:2      | Found a faded altar of an unknown god.
   696 | D:2      | Reached skill level 4 in Ranged Weapons
   861 | D:2      | Identified the +9 mace "Daufroo" {elec, *Corrode rN+ Dex+3}
   897 | D:2      | Found Hobexua's Antique Armour Shoppe.
   906 | D:2      | 906 ||| SHOPLISTING heavy robe (148 gold, have 83).
   906 | D:2      | 906 ||| BUYING leather armour (52 gold).
   906 | D:2      | Bought a leather armour for 52 gold pieces
  1183 | D:2      | 1183 ||| UPGRADING to +0 leather armour.
  1193 | D:2      | 1193 ||| DROPPING +0 robe.
  1194 | D:2      | 1194 ||| READING 3 scrolls labelled HAADAMIOTZ.
  1195 | D:2      | 1195 ||| READING scroll labelled XOQIEZ XUUCEGUXT.
  1196 | D:2      | 1196 ||| READING 2 scrolls of identify.
  1196 | D:2      | 1196 ||| IDENTIFYING green potion
  1197 | D:2      | 1197 ||| DROPPING potion of berserk rage.
  1238 | D:3      | Found Wioz's Magic Scroll Shop.
  1245 | D:3      | 1245 ||| SHOPLISTING scroll of enchant armour (82 gold,
                  | have 51).
  1245 | D:3      | 1245 ||| BUYING scroll of identify (22 gold).
  1245 | D:3      | Bought a scroll of identify for 22 gold pieces
  1245 | D:3      | 1245 ||| BUYING scroll of identify (22 gold).
  1245 | D:3      | Bought a scroll of identify for 22 gold pieces
  1245 | D:3      | 1245 ||| SHOPLISTING scroll of identify (22 gold, have 7).
  1245 | D:3      | 1245 ||| SHOPLISTING scroll of teleportation (33 gold, have
                  | 7).
  1320 | D:3      | Found Upreuczuch's Armour Shop.
  1328 | D:3      | 1328 ||| SHOPLISTING +0 cloak (63 gold, have 13).
  1328 | D:3      | 1328 ||| SHOPLISTING +0 pair of gloves (63 gold, have 13).
  1328 | D:3      | 1328 ||| SHOPLISTING +0 ring mail (56 gold, have 13).
  1331 | D:3      | Reached XP level 4. HP: 36/36 MP: 4/4
  1419 | D:3      | Found an iron altar of Okawaru.
  1420 | D:3      | 1420 ||| PLANNING OKAWARU WORSHIP
  1420 | D:3      | 1420 ||| UPGRADING to +0 ring mail.
  1430 | D:3      | 1430 ||| DROPPING +0 leather armour.
  1431 | D:3      | 1431 ||| READING 3 scrolls of identify.
  1431 | D:3      | 1431 ||| IDENTIFYING orange potion
  1432 | D:3      | 1432 ||| READING 2 scrolls of identify.
  1432 | D:3      | 1432 ||| IDENTIFYING fizzy dark potion
  1436 | D:3      | Became a worshipper of Warmaster Okawaru
  1437 | D:3      | 1437 ||| PLANNING D:1-11
  1565 | D:3      | Reached skill level 1 in Armour
  2068 | D:3      | 2068 ||| READING 2 scrolls of identify.
  2068 | D:3      | 2068 ||| IDENTIFYING murky cyan potion
  2069 | D:3      | 2069 ||| DROPPING potion of attraction.
  2174 | D:4      | Found Uzusko's Weapon Boutique.
  2415 | D:4      | Noticed Eustachio
  2428 | D:4      | HP: 9/36 [shadow imp[Eustachio] (4)]
  2429 | D:4      | 2429 ||| READING scroll of teleportation.
  2429 | D:4      | HP: 1/36 [shadow imp/nerve-wracking pain[Eustachio] (8)]
  2430 | D:4      | 2430 ||| DRINKING 3 potions of heal wounds.
  2620 | D:4      | Identified the +3 short sword "Humir" {heavy, SInv}
  2898 | D:4      | Found a glowing golden altar of the Shining One.
  2929 | D:4      | HP: 4/36 [white imp/puff of frost[Eustachio] (7)]
  2930 | D:4      | 2930 ||| DRINKING 2 potions of heal wounds.
  2935 | D:4      | HP: 7/36 [quokka[Eustachio] (4)]
  2936 | D:4      | 2936 ||| DRINKING potion of heal wounds.
  2943 | D:4      | HP: 6/36 [iron imp[Eustachio] (8)]
  2946 | D:4      | Killed Eustachio
  2947 | D:4      | Reached skill level 6 in Ranged Weapons
  2947 | D:4      | Reached XP level 5. HP: 5/41 MP: 5/5
  3232 | D:4      | 3232 ||| SWAPPING to +0 orcbow.
  3233 | D:4      | 3233 ||| DROPPING +1 sling.
  3295 | D:4      | 3295 ||| UPGRADING to ring of see invisible.
  3296 | D:4      | 3296 ||| READING scroll labelled CIPIUT QIYCA.
  3313 | D:5      | Entered Level 5 of the Dungeon
  3342 | D:5      | Reached skill level 3 in Fighting
  3342 | D:5      | Reached XP level 6. HP: 36/51 MP: 6/6
  3345 | D:5      | 3345 ||| FLEEEEING.
  3348 | D:5      | 3348 ||| STAIRDANCE
  3398 | D:5      | 3398 ||| STAIRDANCE
  3458 | D:5      | HP: 10/53 [hound (4)]
  3460 | D:5      | Reached skill level 7 in Ranged Weapons
  3461 | D:5      | HP: 2/53 [hound (5)]
  3467 | D:5      | Reached XP level 7. HP: 5/60 MP: 7/7
  3780 | D:5      | Reached * piety under Okawaru
  3781 | D:5      | Reached skill level 8 in Ranged Weapons
  3831 | D:5      | Found a staircase to the Ecumenical Temple.
  3849 | D:5      | 3849 ||| INVOKING Heroism.
  4127 | D:5      | Found Nofet's Needful Niceties.
  4511 | D:5      | 4511 ||| READING scroll labelled XEGEOT KUIKAMN.
  4512 | D:5      | 4512 ||| DRINKING 2 purple potions.
  4522 | D:6      | 4522 ||| PLANNING SEWER
  4564 | D:6      | 4564 ||| DRINKING potion of curing.
  4564 | D:6      | 4564 ||| (to cure confusion)
  4617 | D:6      | Reached XP level 8. HP: 40/69 MP: 8/8
  4617 | D:6      | 4617 ||| INVOKING Heroism.
  4624 | D:6      | Reached skill level 9 in Ranged Weapons
  4624 | D:6      | Reached skill level 1 in Invocations
  4752 | D:6      | 4752 ||| FLEEEEING.
  4753 | D:6      | 4753 ||| FLEEEEING.
  4763 | D:6      | 4763 ||| Stepping ~*~*~tactically~*~*~ (outnumbered).
  4764 | D:6      | 4764 ||| INVOKING Heroism.
  4779 | D:6      | HP: 16/69 [centaur (2)]
  4780 | D:6      | 4780 ||| READING scroll of teleportation.
  4781 | D:6      | Reached skill level 3 in Dodging
  4781 | D:6      | 4781 ||| INVOKING Heroism.
  4781 | D:6      | HP: 7/69 [centaur (3)]
  4816 | D:6      | 4816 ||| INVOKING Heroism.
  4862 | D:6      | HP: 13/69 [orc/+2 heavy mace (6)]
  4864 | D:6      | HP: 3/69 [orc/+2 heavy mace (10)]
  4909 | D:6      | HP: 11/69 [centaur/arrow (6)]
  4914 | D:6      | HP: 1/69 [centaur/arrow (5)]
  4916 | D:6      | Slain by a centaur

Levels and vault maps discovered:
D:1:      spicycebolla_green_bress_n_ham_2, layout_rooms
D:2:      layout_basic, serial_shops, shop, shapermc_ecumenical_altar_gd
D:3:      layout_loops_ring, mainiacjoe_overflow_alcove_4, serial_shops, shop,
          nicolae_diamond_shop, serial_rivers, chequers_serial_rivers_small_3,
          chequers_serial_rivers_large_b, chequers_serial_rivers_small_3,
          chequers_serial_rivers_large_a, minmay_misc_feat_rows
D:4:      layout_layer_cave, tso_altar, serial_shops,
          nicolae_shop_rolling_square, uniq_eustachio
D:5:      layout_loops_cross, minmay_temple_entry_ruins, nicolae_alphabet_shops
D:6:      nicolae_whirlpool, layout_loops_ring, lemuel_doored_altar,
          nicolae_overflow_squiral, cheibrodos_sewer_entry_bend,
          minmay_misc_feat_five, serial_bayou_lagoon_a

Skill      XL: |  1  2  3  4  5  6  7  8 |
---------------+-------------------------+-----
Ranged Weapons | 3 4 6 7 8 9 |  9.1
Fighting       | 2 3 4 5 |  5.6
Armour         | 1 2 |  2.1
Invocations    | 2 |  2.5
Dodging        | 3 |  3.3
Spellcasting   | |  1.0
Hexes          | |  2.0

Action                     |  1- 3 |  4- 6 |  7- 9 || total
---------------------------+-------+-------+-------++-------
   Fire: Sling             |   114 |   136 |       ||   250
         Orcbow            |       |    51 |   144 ||   195
 Invoke: Heroism           |       |       |     5 ||     5
    Use: Scroll            |     7 |     5 |     2 ||    14
         Potion            |       |     3 |     2 ||     5
 Armour: Robe              |     5 |       |       ||     5
         Ring mail         |       |    96 |    37 ||   133
  Dodge: Dodged            |    15 |   122 |    68 ||   205

Table legend:
 A = Non-vault XP
 B = Vault XP
 C = Vault XP percentage of total XP
 D = Non-vault monster count
 E = Vault monster count
 F = Vault count percentage of total count
                 A         B        C        D         E       F
            +---------+---------+-------+---------+---------+-------
      Total |    1594 |     311 |  16.3 |     108 |       2 |   1.8
            +---------+---------+-------+---------+---------+-------
        D:1 |      35 |       0 |   0.0 |      19 |       0 |   0.0
        D:2 |      42 |       0 |   0.0 |      11 |       0 |   0.0
        D:3 |      45 |       0 |   0.0 |      22 |       0 |   0.0
        D:4 |      73 |     196 |  72.9 |      12 |       1 |   7.7
        D:5 |     798 |       0 |   0.0 |      24 |       0 |   0.0
        D:6 |     601 |     115 |  16.1 |      20 |       1 |   4.8
            +---------+---------+-------+---------+---------+-------
